 Dungeon Crawl Stone Soup version 0.26.1-2-gb8aa6d0cf2 (webtiles) character file.

Game seed: 18405430592436236025

1280 Martska the Skirmisher (level 8, -13/84 HPs)
             Began as an Ogre Hunter on Mar 15, 2021.
             Mangled by a two-headed ogre
             ... wielding a +0 giant spiked club
              (21 damage)
             ... on level 8 of the Dungeon.
             The game lasted 00:09:20 (6304 turns).

Martska the Skirmisher (Ogre Hunter)                Turns: 6304, Time: 00:09:21

Health: -13/84     AC: 16    Str: 22    XL:     8   Next: 54%
Magic:  0/8        EV: 11    Int: 12    God:
Gold:   186        SH:  0    Dex:  9    Spells: 7/7 levels left

rFire    + . .     SeeInvis .   s - +1 mace (protect)
rCold    . . .     Faith    .   (no shield)
rNeg     . . .     Spirit   +   t - +2 robe of Uliuw {rF+ Will+ rCorr Str+3}
rPois    .         Reflect  .   (helmet restricted)
rElec    .         Harm     .   (no cloak)
rCorr    +         Rampage  .   (gloves unavailable)
Will     +....                  (boots unavailable)
Stlth    +.........             h - amulet of guardian spirit
HPRegen  0.24/turn              e - +4 ring of protection
MPRegen  0.11/turn              a - ring of wizardry

@: protection aura
A: large, unfitting armour, tough skin 1
a: no special abilities


You were on level 8 of the Dungeon.
You visited 1 branch of the dungeon, and saw 6 of its levels.

You collected 334 gold pieces.
You spent 148 gold pieces at shops.

Inventory:

Hand Weapons
 l - a +0 whip
 n - a +0 mace
 s - a +1 mace of protection (weapon)
Missiles
 d - 2 throwing nets (quivered)
Armour
 b - a +0 robe
 t - the +2 robe of Uliuw (worn) {rF+ Will+ rCorr Str+3}
   (You found it on level 4 of the Dungeon)

   It affects your strength (+3).
   It protects you from fire.
   It affects your willpower, your defense against some magical effects.
   It provides partial protection from all sources of acid and corrosion.
Jewellery
 a - a ring of wizardry (right hand)
 e - a +4 ring of protection (left hand)
 h - an amulet of guardian spirit (around neck)
 q - an uncursed ring of attention
 A - an uncursed amulet of the acrobat {unknown}
Wands
 r - a wand of enslavement (5)
 u - a wand of disintegration (13)
 y - a wand of flame (19)
Scrolls
 f - 2 scrolls of remove curse
 k - 3 scrolls of identify {unknown}
 o - a scroll of fog
 w - 4 scrolls of teleportation
 x - a scroll of blinking {unknown}
Potions
 g - a potion of cancellation {unknown}
 i - 2 potions of heal wounds {unknown}
 j - a potion of attraction {unknown}
 m - a potion of resistance {unknown}
 p - a potion of might {unknown}
 v - 2 potions of brilliance {unknown}
 z - a potion of lignification {unknown}


   Skills:
 * Level 6.9 Fighting
 * Level 4.2 Maces & Flails
 * Level 6.3 Throwing
 * Level 4.6 Dodging
 - Level 0.6 Stealth
 * Level 1.7 Evocations


You had 7 spell levels left.
You didn't know any spells.
Your spell library was empty.

Dungeon Overview and Level Annotations

Branches:
Dungeon (5/15)
 Temple: D:4-7

Altars:
Ashenzari
Cheibriados
Nemelex Xobeh
Qazlal
Uskayaw
Yredelemnul

Shops:
D:4 (   D:5 :


Innate Abilities, Weirdness & Mutations

You are too large for most types of armour.
You have tough skin. (AC +1)


Message History

The two-headed ogre is severely wounded.
The two-headed ogre closely misses you.
The two-headed ogre hits you with a +0 giant club!
You hit the two-headed ogre.
The two-headed ogre is severely wounded.
You hit the two-headed ogre.
The two-headed ogre is almost dead.
The two-headed ogre hits you with a +0 giant spiked club!
* * * LOW HITPOINT WARNING * * *
The two-headed ogre hits you with a +0 giant club!
* * * LOW HITPOINT WARNING * * *
You hit the two-headed ogre.
The two-headed ogre is almost dead.
The two-headed ogre misses you. The two-headed ogre closely misses you.
You hit the two-headed ogre but do no damage.
The two-headed ogre is almost dead.
The two-headed ogre hits you with a +0 giant spiked club!
* * * LOW HITPOINT WARNING * * *
The two-headed ogre hits you with a +0 giant club!!
You die...

..#..##..#.#....#
#.#..##..#.#....#
#.#..##..#.#...####
#.#..#.............
#.#.(#...#.#...####
..#......#.#.<.....
..##.##..#.########
.....#...#.......#
#..#############@#
#.... #O# ....... #.#
##....... #.#
.......(........(.(....
##..#####...#.#.##(###.
#.# #. #.#.# # . ... ##
#.#


You could see a two-headed ogre.

Vanquished Creatures
  The ghost of zahlanzi the Cudgeller, a novice GrBe of Trog (D:5)
  A sky beast (D:8)
  An ice beast (D:5)
  A black bear (D:8)
  A phantom (D:5)
  A centaur (D:5)
  2 bullfrogs
  A bullfrog zombie (D:5)
  An orc priest (D:3)
  An iguana (D:4)
  4 worker ants
  A hound zombie (D:5)
  2 howler monkey zombies (D:5)
  A worker ant zombie (D:5)
  A howler monkey skeleton (D:5)
  3 gnolls (D:5)
  8 adders
  2 shadow imps
  2 oozes
  An adder zombie (D:5)
  An adder skeleton (D:5)
  A worm (D:2)
  2 dart slugs (D:2)
  2 leopard geckos
  10 orcs
  2 ball pythons (D:2)
  7 bats
  A giant cockroach (D:4)
  6 goblins
  5 hobgoblins
  11 jackals
  11 kobolds
  A quokka (D:2)
  3 frilled lizards
  A giant cockroach zombie (D:5)
  2 leopard gecko skeletons
  2 leopard gecko zombies (D:5)
  2 quokka zombies (D:5)
  7 rats
  A spectral orc (D:4)
114 creatures vanquished.

Vanquished Creatures (others)
  5 fungi (D:8)
  4 plants (D:8)
  2 withered plants (D:5)
11 creatures vanquished.

Grand Total: 125 creatures vanquished

Notes
Turn   | Place    | Note
-------+----------+-------------------------------------------
     0 | D:1      | Martska the Ogre Hunter began the quest for the Orb.
     0 | D:1      | Reached XP level 1. HP: 22/22 MP: 1/1
   233 | D:1      | Reached XP level 2. HP: 17/31 MP: 2/2
   687 | D:1      | Reached XP level 3. HP: 37/37 MP: 3/3
  1027 | D:2      | Reached skill level 1 in Maces & Flails
  1331 | D:2      | Reached XP level 4. HP: 48/48 MP: 4/4
  1980 | D:2      | Found a snail-covered altar of Cheibriados.
  2529 | D:3      | Reached XP level 5. HP: 22/54 MP: 5/5
  3276 | D:3      | Found a sparkling altar of Nemelex Xobeh.
  3276 | D:3      | Found a broken altar of Ashenzari.
  3706 | D:4      | Found a stormy altar of Qazlal.
  3781 | D:4      | Found Leerr's Weapon Shop.
  3798 | D:4      | Bought a +1 mace of protection for 148 gold pieces
  4099 | D:4      | Reached skill level 5 in Throwing
  4099 | D:4      | Reached XP level 6. HP: 54/63 MP: 6/6
  4157 | D:4      | Found a hide-covered altar of Uskayaw.
  4166 | D:4      | Noticed a +0 hand axe
  4166 | D:4      | Noticed a +0 dagger
  4182 | D:4      | Got a shadowed robe
  4193 | D:4      | Identified the +2 robe of Uliuw {rF+ Will+ rCorr Str+3}
                  | (You found it on level 4 of the Dungeon)
  4311 | D:4      | Found a basalt altar of Yredelemnul.
  4541 | D:5      | Entered Level 5 of the Dungeon
  4541 | D:5      | Found Ussocum's Book Boutique.
  4556 | D:5      | Reached skill level 5 in Fighting
  4565 | D:5      | Noticed an ice beast
  4610 | D:5      | Killed an ice beast
  4611 | D:5      | Reached XP level 7. HP: 59/72 MP: 5/7
  4965 | D:5      | Found a runed translucent door.
  5188 | D:5      | Noticed zahlanzi's ghost (novice GrBe)
  5694 | D:5      | Killed zahlanzi's ghost
  5695 | D:5      | Reached skill level 1 in Evocations
  5695 | D:5      | Reached XP level 8. HP: 26/84 MP: 3/8
  6045 | D:5      | You fall into a shaft and drop 3 floors!
  6289 | D:8      | Noticed a two-headed ogre
  6304 | D:8      | Mangled by a two-headed ogre

Illustrated notes

Levels and vault maps discovered:
D:1:      elethiomel_arrival_maze, layout_rooms
D:2:      layout_loops_corners, marbit_many_paths
D:3:      cheibrodos_pilgrimage, layout_basic, grunt_temple_overflow_open
D:4:      layout_basic, grunt_qazlal_clouds, dancing_weapons_uskayaw,
          yredelemnul_forgotten_temple_becter, serial_shops, shop_coins
D:5:      layout_cave_pools, ebering_ghost_sewer_d, serial_undead,
          serial_undead_b, serial_undead_f, serial_undead_d, serial_undead_d,
          serial_shops, nicolae_shop_window_shopping, kennysheep_generic_room_5
D:8:      layout_basic, kennysheep_okawaru_gauntlet, due_lair_maze_entry_diamond

Skill      XL: |  1  2  3  4  5  6  7  8 |
---------------+-------------------------+-----
Fighting       | 3 4 5 6 |  6.9
Dodging        | 2 3 4 |  4.6
Maces & Flails | 1 2 3 4 |  4.2
Throwing       | 5 6 |  6.3
Evocations     | 1 |  1.7
Stealth        | |  0.6

Action                   |  1- 3 |  4- 6 |  7- 9 || total
-------------------------+-------+-------+-------++-------
Melee: Short sword       |    64 |       |       ||    64
       Whip              |    28 |    16 |       ||    44
       Mace              |       |   175 |   259 ||   434
Throw: Large rock        |     5 |    11 |     3 ||    19
  Use: Scroll            |       |     4 |     2 ||     6
 Stab: Sleeping          |     1 |       |       ||     1
Armor: Robe              |    45 |    71 |   239 ||   355
Dodge: Dodged            |    85 |   124 |   275 ||   484
